 Dungeon Sprint DCSS version 0.14-a0-736-g2a71271 (webtiles) character file.

163800 4tharraofdagon the Conqueror (level 17, 0/211 HPs)
             Began as an Ogre Fighter on Nov 7, 2013.
             Was the Champion of Makhleb.
             Slain by a reaper
             ... wielding a +2,+0 scythe of slicing
              (3 damage)
             ... in the Dungeon (Sprint V: "Ziggurat Sprint").
             The game lasted 00:30:59 (1245 turns).

4tharraofdagon the Conqueror (Ogre Fighter)         Turns: 1245, Time: 00:30:59

HP   0/211       AC 35     Str 47      XL: 17   Next: 84%
MP  13/35        EV 14     Int  8 (10) God: Makhleb [******]
Gold 0           SH 38     Dex 14      Spells:  0 memorised, 16 levels left

Res.Fire  : + . .   See Invis. : +   B - +12,+15 obsidian axe {chop, +Fly Str+3 SInv Curse}
Res.Cold  : + . .   Warding    : .   q - +9 armour of the Dragon King {rPois rF+ rC+ MR+}
Life Prot.: + + .   Conserve   : +   M - +6 shield of the gong {rElec rN+ MR+}
Res.Poison: +       Res.Corr.  : +   (helmet restricted)
Res.Elec. : +       Clarity    : +   j - +2 cloak {rCorr, Cons}
Sust.Abil.: . .     Spirit.Shd : .   (gloves unavailable)
Res.Mut.  : .       Prev.Telep.: +   (boots unavailable)
Res.Rott. : .       Flight     : .   p - amulet of the Four Winds {Clar rN+ MR++}
Saprovore : + . .                    S - ring "Ilef" {EV+4 Str+3 Int+3}
                                     t - +6 ring of strength

@: mesmerised, invisible, mighty, agile, very slightly contaminated, uncannily
resistant to hostile enchantments, extremely unstealthy
A: unfitting armour, herbivore 1, fast metabolism 1, saprovore 1, tough skin 1
a: Minor Destruction, Lesser Servant of Makhleb, Major Destruction, Greater
Servant of Makhleb, Renounce Religion, Evoke Flight


You were in the Dungeon.
You worshipped Makhleb.
Makhleb was exalted by your worship.
You were very full.

You visited 1 branch

Inventory:

Hand weapons
 A - the +9,+10 broad axe of the Clouds {vamp, rF+ Str+1 Dex-1}
   (You found it in the Dungeon)

   It inflicts no extra harm, but heals its wielder somewhat when it strikes a
   living foe.
   It affects your strength (+1).
   It affects your dexterity (-1).
   It protects you from fire.
 B - the cursed +12,+15 obsidian axe (weapon) {chop, +Fly Str+3 SInv Curse}
   (You found it in the Dungeon)

   It inflicts extra damage upon your enemies.
   It affects your strength (+3).
   It enhances your eyesight.
   It lets you fly.
   It may recurse itself.
   It has a curse placed upon it.
Armour
 j - a +2 cloak of preservation (worn)
 q - the +9 armour of the Dragon King (worn) {rPois rF+ rC+ MR+}
   (You found it in the Dungeon)

   It protects you from fire.
   It protects you from cold.
   It protects you from poison.
   It affects your resistance to hostile enchantments.
 M - the +6 shield of the gong (worn) {rElec rN+ MR+}
   (You found it in the Dungeon)

   It insulates you from electricity.
   It protects you from negative energy.
   It affects your resistance to hostile enchantments.
 V - a +2 elven cloak of magic resistance
Magical devices
 c - a wand of heal wounds (7)
 k - a wand of disintegration (7)
 l - a wand of fire (5)
 m - a wand of cold (5)
Comestibles
 d - 3 meat rations
 K - 3 bread rations
Scrolls
 y - a scroll of amnesia
 E - a scroll of recharging
 F - 3 scrolls of fog
 H - 3 scrolls of identify
 I - 3 scrolls of remove curse
 J - 2 scrolls of enchant armour
Jewellery
 b - an uncursed amulet of rage
 p - the amulet of the Four Winds (around neck) {Clar rN+ MR++}
   (You found it in the Dungeon)

   [amulet of clarity]

   It protects you from negative energy.
   It affects your resistance to hostile enchantments.
 r - the amulet of the Air {Inacc +Fly rElec EV+5 RMsl}
   (You found it in the Dungeon)

   [amulet of inaccuracy]

   It affects your evasion (+5).
   It insulates you from electricity.
   It lets you fly.
   It protects you from missiles.
 t - a +6 ring of strength (left hand)
 v - an uncursed ring of flight
 N - the ring "Shonoimm" {+Fly rF+}
   (You found it in the Dungeon)

   [ring of flight]

   It protects you from fire.
 O - the ring of Truth {SustAb rN+}
   (You found it in the Dungeon)

   [ring of sustain abilities]

   It protects you from negative energy.
 P - an uncursed amulet of resist mutation
 Q - the ring of Ofybor {rN+ MR++ MP+9 Int+2}
   (You found it in the Dungeon)

   [ring of magical power]

   It affects your intelligence (+2).
   It protects you from negative energy.
   It affects your resistance to hostile enchantments.
 S - the ring "Ilef" (right hand) {EV+4 Str+3 Int+3}
   (You took it off a fire giant in the Dungeon)

   [ring of evasion]

   It affects your evasion (+4).
   It affects your strength (+3).
   It affects your intelligence (+3).
Potions
 e - 7 potions of curing
 g - 4 potions of speed
 h - 6 potions of magic
 i - 2 potions of berserk rage
 w - 2 potions of brilliance
 C - a potion of agility
 D - 2 potions of might
 L - a potion of porridge
Books
 T - a book of Air

   Spells                             Type                      Level
   Shock                              Conjuration/Air              1
   Swiftness                          Charms/Air                   2
   Repel Missiles                     Charms/Air                   2
   Flight                             Charms/Air                   3
   Static Discharge                   Conjuration/Air              3
   Lightning Bolt                     Conjuration/Air              5
Magical staves
 o - an uncursed staff of energy
Miscellaneous
 a - a fan of gales
 f - a fan of gales
 n - a fan of gales
 s - a sack of spiders
 u - a phial of floods
 z - a phial of floods
 G - a sack of spiders
 R - a bottled efreet
 U - a sack of spiders
 W - a sack of spiders
 Y - a fan of gales
 Z - a phial of floods
Rods
 X - a +0 rod of warding (9/9)
   (You took it off a vault guard in the Dungeon)


   Skills:
 O Level 27 Fighting
 O Level 27 Axes
 + Level 17.9 Armour
 - Level 2.6 Dodging
 + Level 14.8 Shields
 - Level 19.0 Evocations


You had 16 spell levels left.
You didn't know any spells.

Dungeon Overview and Level Annotations

Branches:
Dungeon (1/1)

Altars:
Ashenzari
Cheibriados
Elyvilon
Fedhas
Kikubaaqudgha
Makhleb
Nemelex Xobeh
Okawaru
Sif Muna
Trog
Vehumet
Xom
Yredelemnul
Zin
the Shining One
Beogh
Jiyva
Lugonu


Innate Abilities, Weirdness & Mutations

You are too large for most types of armour.
You have a fast metabolism.
You can tolerate rotten meat.
You have tough skin (AC +1).
You digest meat inefficiently.


Message History

Unknown command.
Unknown command.
You carve the Hell Sentinel like a ham!!!
The Hell Sentinel is heavily wounded.
You closely miss the iron devil.
The iron devil is heavily wounded.
You open the reaper like a pillowcase!!!
The reaper is almost dead.
You open the flaming corpse like a pillowcase!!!
You destroy the flaming corpse!
Makhleb accepts your kill.
You feel a little better.
The iron imp shouts, "Disclaim thyself, thou baffled toenail-biting whey-face!"
The iron imp shouts!
The bone dragon moves out of view.
The reaper hits you from afar with a runed scythe!
* * * LOW HITPOINT WARNING * * *
The reaper hits you with a runed scythe!
* * * LOW HITPOINT WARNING * * *
You die...
E:)[:}|.# z5)

E:::)::.# :}.43.z|W
)=?.)|).# ..2.p345z}z
}.......# .z4.5.2.}....
....%...#.....4.4.4..22.
........#....4..22z......
........# ....22z2.......
%.......# #.h242z....#
%.%.....# . ##h@1.22..##
%.......
...#....22....#.. .......
..................
.......
..................
.......
..................
....... ...#..........#..
....... ..###........##
....... ....#..........#.
.......
..................


You could see a Hell Sentinel, 7 reapers, 2 skeletal warriors, an ice devil, a
flayed ghost, 6 iron devils, a smoke demon, 3 hellions, 5 tormentors, a blue
devil, a wraith, 2 hell hounds, a rotting devil, 3 iron imps, 2 bat zombies, an
adder zombie (wandering), a goblin zombie, a kobold zombie (wandering) and a bat
skeleton (wandering).

Vanquished Creatures
  A pandemonium lord (D)
  4 Ice Fiends (D)
  A titan (shapeshifter) (D)
  4 deep elf master archers (D)
  A deep elf blademaster (D)
  A lich (D)
  2 acid blobs (D)
  2 shadow dragons (shapeshifter) (D)
  A fire giant (D)
  A ghoul (D)
  A fire giant (shapeshifter) (D)
  3 frost giants (D)
  A ghost moth (shapeshifter) (D)
  3 ghost moths (D)
  An orc warlord (D)
  4 azure jellies (D)
  An emperor scorpion (D)
  A tentacled starspawn (D)
  A deep elf sorcerer (D)
  3 reapers (D)
  2 stone giants (D)
  An eidolon (D)
  7 blizzard demons (D)
  4 merfolk javelineers (D)
  A satyr (shapeshifter) (D)
  A dire elephant (shapeshifter) (D)
  A vampire knight (D)
  2 death oozes (D)
  3 yaktaur captains (D)
  6 merfolk impalers (D)
  A minotaur (shapeshifter) (D)
  A siren (D)
  3 dragons (D)
  9 vault guards (D)
  5 merfolk aquamancers (D)
  3 great orbs of eyes (D)
  2 ice dragons (shapeshifter) (D)
  5 ice dragons (D)
  An anaconda (shapeshifter) (D)
  2 vampire magi (D)
  4 wretched stars (D)
  2 hell hogs (D)
  A sun demon (D)
  A centaur warrior (D)
  A deep elf knight (D)
  11 ice devils (D)
  A skeletal warrior (D)
  2 sea snakes (D)
  A faun (shapeshifter) (D)
  3 necromancers (D)
  3 giant amoebae (D)
  2 unseen horrors (shapeshifter) (D)
  A giant orange brain (shapeshifter) (D)
  3 giant orange brains (D)
  7 red wasps (D)
  3 hellions (D)
  3 cyclopes (D)
  2 giant amoebae (shapeshifter) (D)
  A griffon (shapeshifter) (D)
  An orc knight (D)
  A flaming corpse (D)
  A hell hog zombie (D)
  A phantasmal warrior (D)
  2 wolf spiders (shapeshifter) (D)
  3 wolf spiders (D)
  3 moths of wrath (D)
  An orc sorcerer (D)
  A cyclops (shapeshifter) (D)
  A shining eye (D)
  An eye of devastation (D)
  3 deep elf summoners (D)
  A sixfirhy (D)
  3 tormentors (D)
  A queen ant (shapeshifter) (D)
  6 yaktaurs (D)
  An orb spider (D)
  5 demonic crawlers (D)
  2 fire drakes (D)
  A yaktaur (shapeshifter) (D)
  2 mermaids (D)
  2 ancient zymes (D)
  2 efreet (D)
  A queen bee (shapeshifter) (D)
  3 giant fireflies (shapeshifter) (D)
  A deep elf priest (D)
  A fire drake (shapeshifter) (D)
  A hellwing (D)
  A troll (shapeshifter) (D)
  A baby alligator (shapeshifter) (D)
  4 jumping spiders (D)
  9 polar bears (D)
  4 brown oozes (D)
  A boulder beetle (D)
  4 slime creatures (D)
  A grizzly bear (shapeshifter) (D)
  A redback (shapeshifter) (D)
  6 redbacks (D)
  An octopode (shapeshifter) (D)
  3 shadows (D)
  3 ynoxinuls (D)
  4 yaks (D)
  4 tarantellas (shapeshifter) (D)
  A tarantella (D)
  3 golden eyes (D)
  4 deep elf magi (D)
  4 flying skulls (D)
  3 vampires (D)
  3 wraiths (D)
  A fire elemental (D)
  4 trapdoor spiders (D)
  A neqoxec (D)
  6 merfolk (D)
  3 manticores (D)
  2 deep elf fighters (D)
  2 wolves (D)
  2 hippogriffs (D)
  2 hungry ghosts (D)
  A soldier ant (shapeshifter) (D)
  3 porcupines (D)
  A mottled dragon (shapeshifter) (D)
  5 ice beasts (D)
  6 small abominations (D)
  2 necrophages (D)
  4 freezing wraiths (D)
  A hell hound (D)
  7 yellow wasps (D)
  A rotting devil (D)
  2 phantoms (D)
  4 centaurs (D)
  A boring beetle (shapeshifter) (D)
  A boring beetle (D)
  2 giant frogs (D)
  A brain worm (shapeshifter) (D)
  A giant frog (shapeshifter) (D)
  An eye of draining (shapeshifter) (D)
  2 wights (D)
  2 crimson imps (D)
  4 spiders (D)
  A hound (shapeshifter) (D)
  3 jellies (D)
  A quasit (D)
  An iron imp (D)
  An orc priest (D)
  2 orange rats (D)
  A scorpion (D)
  4 sheep (D)
  2 orc wizards (D)
  A mummy (D)
  3 green rats (D)
  A lemure (D)
  9 white imps (D)
  2 giant centipedes (D)
  A giant mite (D)
  A shadow imp (D)
  20 ufetubi (D)
  An adder zombie (D)
  5 adder skeletons (D)
  2 adder simulacra (D)
  A giant eyeball (D)
  An ooze (D)
  6 orcs (D)
  3 bat skeletons (D)
  5 bat zombies (D)
  2 giant cockroaches (D)
  4 goblins (D)
  2 jackals (D)
  2 ball python skeletons (D)
  A bat (D)
  A giant cockroach zombie (D)
  2 giant gecko zombies (D)
  2 giant newt skeletons (D)
  6 goblin skeletons (D)
  3 goblin zombies (D)
  2 hobgoblin skeletons (D)
  3 hobgoblin zombies (D)
  A jackal skeleton (D)
  A kobold (D)
  A kobold skeleton (D)
  A kobold zombie (D)
  A quokka simulacrum (D)
  A quokka zombie (D)
  A rat (D)
  2 rat simulacra (D)
  A rat skeleton (D)
  2 rat zombies (D)
  2 starspawn tentacles (D)
463 creatures vanquished.

Vanquished Creatures (collateral kills)
  2 acid blobs (D)
  A lich (D)
  2 azure jellies (D)
  A stone giant (D)
  A merfolk javelineer (D)
  4 death oozes (D)
  A great orb of eyes (D)
  A merfolk aquamancer (D)
  A large abomination (D)
  A sea snake (D)
  A faun (shapeshifter) (D)
  3 hellions (D)
  4 giant amoebae (D)
  A shining eye (D)
  An eye of devastation (D)
  A tormentor (D)
  A demonic crawler (D)
  A mermaid (D)
  An orb spider (D)
  3 fire vortices (D)
  2 brown oozes (D)
  A deep elf mage (D)
  2 slime creatures (D)
  2 redbacks (D)
  A wraith (D)
  A snapping turtle (D)
  A tarantella (D)
  A merfolk (D)
  An eye of draining (D)
  A fire bat (D)
  5 jellies (D)
  A white imp (D)
  An ufetubus (D)
  2 giant eyeballs (D)
  An ooze (D)
  A ball python zombie (D)
  A giant newt skeleton (D)
  2 quokka skeletons (D)
  A rat (D)
  A rat skeleton (D)
61 creatures vanquished.

Vanquished Creatures (others)
  A deep elf master archer (D)
  An ice dragon (D)
  2 soul eaters (D)
  A sun demon (D)
  2 ice devils (D)
  3 air elementals (D)
  A deep elf conjurer (D)
  A red wasp (D)
  3 sixfirhies (D)
  An orange demon (D)
  A smoke demon (D)
  A blue devil (D)
  A red devil (D)
  3 hellwings (D)
  5 jumping spiders (D)
  An orb spider (D)
  A polar bear (D)
  A wraith (D)
  16 trapdoor spiders (D)
  A ynoxinul (D)
  15 redbacks (D)
  A neqoxec (D)
  A hippogriff (D)
  A deep elf fighter (D)
  A yellow wasp (D)
  4 rotting devils (D)
  A spider (D)
  A white imp (D)
  3 ufetubi (D)
  A starspawn tentacle (D)
  6 starspawn tentacle segments (D)
82 creatures vanquished.

Grand Total: 606 creatures vanquished

Notes
Turn   | Place    | Note
--------------------------------------------------------------
     0 | D        | 4tharraofdagon, the Ogre Fighter, began the quest for the Orb.
     0 | D        | Reached XP level 1. HP: 23/23 MP: 0/0
     0 | D        | Found an ancient bone altar of Kikubaaqudgha.
     1 | D        | Found a white marble altar of Elyvilon.
     3 | D        | Found a burning altar of Makhleb.
     3 | D        | Found a sparkling altar of Nemelex Xobeh.
     4 | D        | Found a deep blue altar of Sif Muna.
     4 | D        | Found a bloodstained altar of Trog.
     8 | D        | Found an iron altar of Okawaru.
    18 | D        | Found a radiant altar of Vehumet.
    18 | D        | Found a basalt altar of Yredelemnul.
    41 | D        | Reached skill level 5 in Axes
    41 | D        | Reached XP level 2. HP: 32/32 MP: 1/1
    42 | D        | Found a shimmering altar of Xom.
    54 | D        | Became a worshipper of Makhleb the Destroyer
    74 | D        | Entered arena 1.
    74 | D        | Noticed a deep elf mage
    74 | D        | Noticed a deep elf mage
    76 | D        | Killed a deep elf mage
    76 | D        | Reached skill level 6 in Fighting
    76 | D        | Reached skill level 7 in Axes
    76 | D        | Reached XP level 3. HP: 36/40 MP: 2/2
    76 | D        | Reached XP level 4. HP: 44/49 MP: 3/3
    76 | D        | Reached XP level 5. HP: 51/57 MP: 4/4
    78 | D        | Killed a deep elf mage
    78 | D        | Reached skill level 8 in Fighting
    78 | D        | Reached XP level 6. HP: 58/67 MP: 5/5
    80 | D        | Acquired Makhleb's first power
    83 | D        | Entered arena 2.
    83 | D        | Noticed a phantom
    83 | D        | Noticed a necrophage
    84 | D        | Killed a phantom
    84 | D        | Reached skill level 9 in Fighting
    84 | D        | Reached skill level 5 in Armour
    89 | D        | Killed a necrophage
    89 | D        | Acquired Makhleb's second power
    89 | D        | Reached XP level 7. HP: 74/76 MP: 6/6
    94 | D        | Got the ring "Shonoimm" {+Fly rF+}
    95 | D        | Entered arena 3.
    95 | D        | Noticed an orc wizard
    95 | D        | Noticed an orc wizard
    95 | D        | Noticed an orc priest
    98 | D        | Killed an orc priest
    99 | D        | Killed an orc wizard
   100 | D        | Killed an orc wizard
   102 | D        | Acquired Makhleb's third power
   108 | D        | Entered arena 4.
   108 | D        | Noticed a jumping spider
   112 | D        | Killed a jumping spider
   112 | D        | Acquired Makhleb's fourth power
   112 | D        | Reached skill level 10 in Fighting
   112 | D        | Reached skill level 10 in Axes
   119 | D        | Acquired Makhleb's fifth power
   124 | D        | Got the ring of Truth {SustAb rN+}
   125 | D        | Entered arena 5.
   125 | D        | Noticed a yak
   125 | D        | Noticed a porcupine
   125 | D        | Noticed a giant frog
   125 | D        | Noticed a porcupine
   127 | D        | Killed a giant frog
   127 | D        | Reached XP level 8. HP: 87/87 MP: 8/10
   127 | D        | Killed a porcupine
   130 | D        | Killed a yak
   130 | D        | Reached skill level 11 in Fighting
   130 | D        | Killed a porcupine
   143 | D        | Got the ring of Ofybor {rN+ MR++ MP+9 Int+2}
   144 | D        | Entered arena 6.
   144 | D        | Noticed a deep elf fighter
   144 | D        | Noticed a deep elf summoner
   144 | D        | Noticed a deep elf knight
   144 | D        | Noticed a deep elf mage
   144 | D        | Noticed a deep elf fighter
   144 | D        | Noticed a deep elf mage
   147 | D        | Noticed a demonic crawler
   149 | D        | Killed a deep elf mage
   150 | D        | Killed a deep elf fighter
   150 | D        | Killed a deep elf mage
   150 | D        | Reached XP level 9. HP: 74/97 MP: 12/14
   153 | D        | Killed a demonic crawler
   155 | D        | Killed a deep elf knight
   155 | D        | Reached skill level 12 in Fighting
   155 | D        | Reached skill level 5 in Shields
   155 | D        | Reached skill level 5 in Evocations
   155 | D        | Killed a deep elf summoner
   158 | D        | Killed a deep elf fighter
   168 | D        | Entered arena 7.
   168 | D        | Noticed a wight
   168 | D        | Noticed a wight
   171 | D        | Killed a wight
   172 | D        | Killed a wight
   186 | D        | Entered arena 8.
   186 | D        | Noticed a wolf
   186 | D        | Noticed a giant frog
   186 | D        | Noticed a yak
   186 | D        | Noticed a wolf
   189 | D        | Killed a wolf
   190 | D        | Killed a yak
   190 | D        | Killed a giant frog
   191 | D        | Killed a wolf
   201 | D        | Entered arena 9.
   201 | D        | Noticed a yak
   201 | D        | Noticed a porcupine
   201 | D        | Noticed a yak
   206 | D        | Killed a yak
   206 | D        | Reached XP level 10. HP: 107/109 MP: 18/18
   206 | D        | Killed a porcupine
   206 | D        | Reached skill level 13 in Fighting
   208 | D        | Killed a yak
   221 | D        | Entered arena 10.
   221 | D        | Noticed a phantom
   221 | D        | Noticed a necrophage
   226 | D        | Killed a necrophage
   234 | D        | Killed a phantom
   238 | D        | Entered arena 11.
   238 | D        | Noticed a vault guard
   238 | D        | Noticed a vault guard
   238 | D        | Noticed a vault guard
   238 | D        | Noticed a vault guard
   238 | D        | Noticed a vault guard
   238 | D        | Noticed a vault guard
   238 | D        | Noticed a vault guard
   238 | D        | Noticed a stone giant
   239 | D        | Noticed a vault guard
   240 | D        | Noticed a vault guard
   244 | D        | Killed a vault guard
   246 | D        | Killed a vault guard
   247 | D        | Killed a vault guard
   248 | D        | Killed a vault guard
   248 | D        | Reached skill level 14 in Axes
   248 | D        | Reached XP level 11. HP: 83/118 MP: 20/20
   248 | D        | Killed a vault guard
   248 | D        | Reached skill level 10 in Shields
   252 | D        | Killed a vault guard
   253 | D        | Killed a vault guard
   253 | D        | Reached skill level 15 in Axes
   253 | D        | Killed a vault guard
   253 | D        | Killed a vault guard
   258 | D        | Killed a stone giant
   278 | D        | Entered arena 12.
   278 | D        | Noticed a deep elf conjurer
   278 | D        | Noticed a deep elf master archer
   278 | D        | Noticed a deep elf priest
   278 | D        | Noticed a deep elf blademaster
   278 | D        | Noticed a deep elf fighter
   278 | D        | Noticed a deep elf mage
   278 | D        | Noticed a deep elf master archer
   280 | D        | Noticed a deep elf sorcerer
   281 | D        | Noticed a deep elf summoner
   284 | D        | Noticed a deep elf summoner
   285 | D        | Killed a deep elf blademaster
   286 | D        | Killed a deep elf conjurer
   286 | D        | Killed a deep elf fighter
   290 | D        | Killed a deep elf summoner
   291 | D        | Killed a deep elf mage
   291 | D        | Reached skill level 16 in Axes
   292 | D        | Killed a deep elf sorcerer
   292 | D        | Killed a deep elf master archer
   292 | D        | Reached XP level 12. HP: 120/127 MP: 21/23
   294 | D        | Killed a deep elf summoner
   294 | D        | Killed a deep elf priest
   301 | D        | Killed a deep elf master archer
   301 | D        | Reached skill level 17 in Axes
   317 | D        | Entered arena 13.
   318 | D        | Noticed a stone giant
   318 | D        | Noticed an orc sorcerer
   318 | D        | Noticed an orc warlord
   318 | D        | Noticed an orc knight
   325 | D        | Killed an orc knight
   327 | D        | Killed a stone giant
   328 | D        | Killed an orc warlord
   330 | D        | Killed an orc sorcerer
   348 | D        | Entered arena 14.
   348 | D        | Noticed a fire elemental
   348 | D        | Noticed a fire vortex
   353 | D        | Noticed a dragon
   354 | D        | Noticed a fire vortex
   356 | D        | Killed a fire elemental
   357 | D        | Noticed a hell hound
   357 | D        | Noticed a dragon
   357 | D        | Noticed a dragon
   358 | D        | Noticed an efreet
   358 | D        | Noticed an efreet
   358 | D        | Noticed a fire giant
   358 | D        | Noticed a fire vortex
   358 | D        | Noticed a fire drake
   358 | D        | Noticed a fire drake
   361 | D        | Killed a hell hound
   363 | D        | Killed a dragon
   363 | D        | Reached skill level 10 in Evocations
   365 | D        | Killed an efreet
   369 | D        | Killed a dragon
   370 | D        | Killed a fire giant
   370 | D        | Killed a fire drake
   373 | D        | Killed an efreet
   373 | D        | Killed a dragon
   373 | D        | Reached skill level 18 in Axes
   373 | D        | Reached XP level 13. HP: 140/140 MP: 24/26
   374 | D        | Killed a fire drake
   381 | D        | Got the ring "Ilef" {EV+4 Str+3 Int+3}
   387 | D        | Killed a fire vortex
   387 | D        | Killed a fire vortex
   390 | D        | Killed a fire vortex
   397 | D        | Entered arena 15.
   397 | D        | Noticed a vampire
   397 | D        | Noticed a necromancer
   397 | D        | Noticed a vampire knight
   398 | D        | Noticed a vampire mage
   398 | D        | Noticed a necromancer
   398 | D        | Noticed a vampire
   399 | D        | Noticed a necromancer
   399 | D        | Noticed a shadow
   400 | D        | Noticed a vampire mage
   400 | D        | Noticed a lich
   400 | D        | Noticed a ghoul
   403 | D        | Killed a vampire knight
   403 | D        | Reached skill level 15 in Fighting
   403 | D        | Reached skill level 10 in Armour
   406 | D        | Killed a necromancer
   406 | D        | Killed a vampire mage
   406 | D        | Killed a necromancer
   407 | D        | Killed a shadow
   409 | D        | Killed a vampire
   410 | D        | Killed a vampire mage
   410 | D        | Killed a ghoul
   410 | D        | Killed a vampire
   412 | D        | Killed a necromancer
   415 | D        | Killed a lich
   423 | D        | Entered arena 16.
   425 | D        | Noticed a brown ooze
   425 | D        | Noticed a brown ooze
   425 | D        | Noticed a slime creature
   426 | D        | Noticed a shining eye
   426 | D        | Noticed an azure jelly
   426 | D        | Noticed a golden eye
   426 | D        | Noticed an azure jelly
   426 | D        | Noticed a great orb of eyes
   426 | D        | Noticed an acid blob
   426 | D        | Noticed a brown ooze
   428 | D        | Noticed a giant amoeba
   428 | D        | Noticed a death ooze
   428 | D        | Noticed a jelly
   428 | D        | Noticed a slime creature
   431 | D        | Killed a brown ooze
   433 | D        | Killed a brown ooze
   435 | D        | Killed a great orb of eyes
   436 | D        | Killed a brown ooze
   436 | D        | Killed an azure jelly
   437 | D        | Killed a slime creature
   437 | D        | Reached skill level 19 in Axes
   437 | D        | Killed a slime creature
   438 | D        | Killed a golden eye
   438 | D        | Killed a jelly
   439 | D        | Killed an acid blob
   439 | D        | Paralysed by a giant eyeball for 2 turns
   442 | D        | Gained mutation: You digest meat inefficiently. [a shining eye]
   445 | D        | Killed a shining eye
   445 | D        | Killed a giant amoeba
   445 | D        | Killed an azure jelly
   448 | D        | Killed a death ooze
   448 | D        | Paralysed by a giant eyeball for 4 turns
   472 | D        | Entered arena 17.
   472 | D        | Noticed a merfolk
   472 | D        | Noticed a hippogriff
   472 | D        | Noticed a manticore
   472 | D        | Noticed a merfolk
   472 | D        | Noticed a merfolk aquamancer
   472 | D        | Noticed a merfolk impaler
   472 | D        | Noticed a manticore
   472 | D        | Noticed a merfolk javelineer
   472 | D        | Noticed a merfolk aquamancer
   473 | D        | Noticed a hippogriff
   473 | D        | Noticed a merfolk aquamancer
   473 | D        | Noticed a hippogriff
   473 | D        | Noticed a merfolk impaler
   473 | D        | Noticed a sea snake
   473 | D        | Noticed a centaur
   473 | D        | Noticed a merfolk javelineer
   474 | D        | Noticed a merfolk aquamancer
   474 | D        | Noticed a merfolk impaler
   475 | D        | Noticed a sea snake
   475 | D        | Noticed a merfolk impaler
   475 | D        | Noticed a mermaid
   475 | D        | Noticed a merfolk javelineer
   476 | D        | Noticed a merfolk impaler
   476 | D        | Noticed a sea snake
   476 | D        | Noticed a snapping turtle
   476 | D        | Noticed a merfolk javelineer
   476 | D        | Noticed a merfolk
   476 | D        | Noticed a merfolk javelineer
   476 | D        | Noticed a merfolk impaler
   476 | D        | Noticed a mermaid
   476 | D        | Noticed a merfolk
   477 | D        | Noticed a siren
   477 | D        | Noticed a merfolk
   479 | D        | Noticed a manticore
   479 | D        | Killed a merfolk impaler
   479 | D        | Reached XP level 14. HP: 111/156 MP: 29/29
   480 | D        | Noticed a merfolk
   480 | D        | Noticed a merfolk
   480 | D        | Killed a merfolk
   480 | D        | Killed a manticore
   484 | D        | Noticed a merfolk aquamancer
   484 | D        | Noticed a merfolk aquamancer
   484 | D        | Killed a hippogriff
   484 | D        | Killed a hippogriff
   485 | D        | Noticed a mermaid
   486 | D        | Killed a sea snake
   486 | D        | Killed a merfolk javelineer
   486 | D        | Killed a merfolk aquamancer
   487 | D        | Killed a merfolk aquamancer
   488 | D        | Killed a merfolk aquamancer
   488 | D        | Killed a mermaid
   490 | D        | Killed a merfolk aquamancer
   490 | D        | Killed a merfolk javelineer
   490 | D        | Killed a centaur
   491 | D        | Killed a manticore
   494 | D        | Killed a merfolk
   495 | D        | Killed a hippogriff
   495 | D        | Killed a merfolk impaler
   495 | D        | Killed a sea snake
   497 | D        | Killed a merfolk
   497 | D        | Killed a merfolk
   498 | D        | Killed a merfolk javelineer
   498 | D        | Reached skill level 20 in Axes
   499 | D        | Killed a siren
   499 | D        | Killed a merfolk javelineer
   500 | D        | Killed a merfolk
   500 | D        | Killed a merfolk aquamancer
   501 | D        | Killed a mermaid
   501 | D        | Killed a sea snake
   504 | D        | Killed a merfolk
   505 | D        | Killed a mermaid
   506 | D        | Killed a manticore
   507 | D        | Killed a merfolk impaler
   507 | D        | Killed a merfolk impaler
   507 | D        | Killed a merfolk aquamancer
   508 | D        | Killed a merfolk impaler
   508 | D        | Killed a merfolk javelineer
   509 | D        | Killed a merfolk
   511 | D        | Killed a snapping turtle
   513 | D        | Killed a merfolk impaler
   539 | D        | Entered arena 18.
   541 | D        | Noticed a yaktaur
   541 | D        | Noticed a yaktaur captain
   541 | D        | Noticed a centaur
   542 | D        | Noticed a centaur warrior
   542 | D        | Noticed a yaktaur
   542 | D        | Noticed a yaktaur captain
   542 | D        | Noticed a stone giant
   542 | D        | Noticed a yaktaur
   542 | D        | Noticed a deep elf master archer
   542 | D        | Noticed a cyclops
   542 | D        | Noticed a cyclops
   542 | D        | Noticed a yaktaur
   542 | D        | Noticed a cyclops
   542 | D        | Noticed a yaktaur
   543 | D        | Noticed a deep elf master archer
   543 | D        | Noticed a yaktaur captain
   543 | D        | Noticed a centaur
   543 | D        | Noticed a centaur
   543 | D        | Noticed a yaktaur
   544 | D        | Noticed a deep elf master archer
   549 | D        | Killed a centaur warrior
   550 | D        | Killed a yaktaur captain
   551 | D        | Killed a yaktaur captain
   552 | D        | Killed a stone giant
   552 | D        | Killed a yaktaur
   553 | D        | Killed a yaktaur
   554 | D        | Killed a centaur
   554 | D        | Killed a yaktaur captain
   556 | D        | Killed a centaur
   556 | D        | Killed a yaktaur
   556 | D        | Killed a yaktaur
   557 | D        | Killed a centaur
   557 | D        | Killed a cyclops
   557 | D        | Killed a deep elf master archer
   561 | D        | Killed a deep elf master archer
   561 | D        | Reached skill level 21 in Axes
   562 | D        | Killed a yaktaur
   563 | D        | Killed a cyclops
   563 | D        | Reached XP level 15. HP: 95/171 MP: 31/31
   565 | D        | Killed a deep elf master archer
   570 | D        | Killed a yaktaur
   570 | D        | Killed a cyclops
   593 | D        | Entered arena 19.
   597 | D        | Noticed a jelly
   597 | D        | Noticed a jelly
   597 | D        | Noticed a death ooze
   604 | D        | Killed a death ooze
   604 | D        | Killed a jelly
   605 | D        | Killed a jelly
   606 | D        | Noticed a giant amoeba
   606 | D        | Noticed a slime creature
   606 | D        | Noticed a jelly
   606 | D        | Noticed a shining eye
   606 | D        | Noticed an azure jelly
   606 | D        | Noticed a jelly
   606 | D        | Noticed a jelly
   606 | D        | Noticed a giant orange brain
   609 | D        | Killed a jelly
   613 | D        | Killed a giant orange brain
   613 | D        | Reached skill level 15 in Evocations
   614 | D        | Killed an azure jelly
   614 | D        | Killed a jelly
   616 | D        | Killed a giant amoeba
   616 | D        | Paralysed by a giant eyeball for 3 turns
   617 | D        | Killed a shining eye
   618 | D        | Killed a jelly
   622 | D        | Killed a slime creature
   624 | D        | Noticed a jelly
   624 | D        | Noticed a giant amoeba
   624 | D        | Noticed a slime creature
   624 | D        | Noticed a great orb of eyes
   624 | D        | Noticed a golden eye
   624 | D        | Noticed a giant amoeba
   629 | D        | Killed a golden eye
   631 | D        | Killed a giant amoeba
   635 | D        | Killed a slime creature
   636 | D        | Noticed a golden eye
   637 | D        | Killed a jelly
   637 | D        | Killed a great orb of eyes
   640 | D        | Killed a golden eye
   641 | D        | Noticed a jelly
   641 | D        | Killed a giant amoeba
   646 | D        | Killed a jelly
   655 | D        | Entered arena 20.
   658 | D        | Noticed a brown ooze
   658 | D        | Noticed a great orb of eyes
   661 | D        | Paralysed by a giant eyeball for 3 turns
   666 | D        | Killed a brown ooze
   670 | D        | Killed a great orb of eyes
   673 | D        | Noticed an eye of draining
   673 | D        | Noticed an acid blob
   673 | D        | Noticed a slime creature
   676 | D        | Noticed a slime creature
   677 | D        | Noticed a brown ooze
   677 | D        | Noticed a great orb of eyes
   677 | D        | Noticed a giant amoeba
   677 | D        | Noticed an azure jelly
   678 | D        | Noticed an eye of devastation
   678 | D        | Killed a slime creature
   679 | D        | Noticed a death ooze
   690 | D        | Killed a slime creature
   690 | D        | Killed a brown ooze
   692 | D        | Noticed a brown ooze
   692 | D        | Killed an azure jelly
   692 | D        | Killed a death ooze
   693 | D        | Noticed a death ooze
   693 | D        | Noticed an eye of devastation
   694 | D        | Noticed a death ooze
   694 | D        | Noticed a giant orange brain
   694 | D        | Noticed a giant amoeba
   694 | D        | Noticed an azure jelly
   694 | D        | Noticed an acid blob
   695 | D        | Killed a great orb of eyes
   695 | D        | Killed a giant amoeba
   697 | D        | Noticed an azure jelly
   697 | D        | Killed an eye of draining
   698 | D        | Noticed a death ooze
   698 | D        | Noticed a giant amoeba
   699 | D        | Killed an eye of devastation
   700 | D        | Noticed an acid blob
   702 | D        | Killed an azure jelly
   703 | D        | Killed an acid blob
   703 | D        | Killed a death ooze
   703 | D        | Killed a death ooze
   704 | D        | Killed an acid blob
   706 | D        | Killed a giant amoeba
   709 | D        | Killed an azure jelly
   711 | D        | Killed a brown ooze
   712 | D        | Killed a death ooze
   712 | D        | Reached skill level 22 in Axes
   717 | D        | Killed an eye of devastation
   717 | D        | Killed a giant orange brain
   720 | D        | Killed a giant amoeba
   721 | D        | Killed an acid blob
   740 | D        | Entered arena 21.
   743 | D        | Noticed an ice devil
   743 | D        | Noticed an Ice Fiend
   744 | D        | Noticed an ice dragon
   744 | D        | Noticed a flying skull
   745 | D        | Noticed an Ice Fiend
   745 | D        | Noticed an ice devil
   747 | D        | Noticed an ice beast
   747 | D        | Noticed a hungry ghost
   747 | D        | Noticed a tormentor
   747 | D        | Noticed an ice devil
   747 | D        | Noticed a skeletal warrior
   747 | D        | Noticed a freezing wraith
   748 | D        | Killed a flying skull
   749 | D        | Noticed an ice beast
   755 | D        | Killed an ice dragon
   756 | D        | Killed an Ice Fiend
   756 | D        | Reached skill level 15 in Armour
   758 | D        | Killed a skeletal warrior
   758 | D        | Killed an ice devil
   759 | D        | Killed an ice beast
   760 | D        | Killed an ice devil
   760 | D        | Killed a hungry ghost
   761 | D        | Killed a freezing wraith
   762 | D        | Killed an ice devil
   764 | D        | Killed an ice beast
   767 | D        | Killed a tormentor
   776 | D        | Killed an Ice Fiend
   842 | D        | Entered arena 22.
   848 | D        | Noticed a small abomination
   848 | D        | Noticed a small abomination
   848 | D        | Noticed a wraith
   849 | D        | Noticed a small abomination
   850 | D        | Noticed a shadow
   851 | D        | Noticed a tentacled starspawn
   855 | D        | Killed a small abomination
   857 | D        | Killed a wraith
   859 | D        | Noticed a fire bat
   859 | D        | Noticed a hellion
   859 | D        | Noticed a neqoxec
   859 | D        | Noticed a wretched star
   859 | D        | Killed a small abomination
   860 | D        | Noticed an eidolon
   860 | D        | Noticed a ynoxinul
   861 | D        | Noticed Skaec the pandemonium lord
   861 | D        | Noticed an orb spider
   861 | D        | Noticed a freezing wraith
   861 | D        | Noticed a giant orange brain
   861 | D        | Killed a small abomination
   862 | D        | Noticed a hungry ghost
   862 | D        | Noticed a small abomination
   862 | D        | Killed a shadow
   863 | D        | Noticed a large abomination
   863 | D        | Noticed a flying skull
   863 | D        | Noticed a small abomination
   863 | D        | Noticed an ancient zyme
   863 | D        | Noticed a wretched star
   865 | D        | Noticed a crimson imp
   865 | D        | Noticed a wretched star
   865 | D        | Noticed an ancient zyme
   865 | D        | Killed a hellion
   865 | D        | Killed a tentacled starspawn
   867 | D        | Noticed a small abomination
   867 | D        | Killed a fire bat
   868 | D        | Noticed a wretched star
   868 | D        | Noticed a ynoxinul
   868 | D        | Killed a small abomination
   869 | D        | Noticed an iron imp
   869 | D        | Killed a small abomination
   870 | D        | Killed a wretched star
   873 | D        | Killed a hungry ghost
   873 | D        | Killed an eidolon
   874 | D        | Killed a flying skull
   876 | D        | Killed a freezing wraith
   877 | D        | Killed an ancient zyme
   877 | D        | Reached XP level 16. HP: 178/189 MP: 33/33
   880 | D        | Killed Skaec the pandemonium lord
   880 | D        | Reached skill level 23 in Axes
   880 | D        | Killed a ynoxinul
   881 | D        | Killed a small abomination
   883 | D        | Killed a neqoxec
   887 | D        | Killed a crimson imp
   887 | D        | Killed a wretched star
   888 | D        | Killed a wretched star
   891 | D        | Killed a ynoxinul
   891 | D        | Killed an iron imp
   892 | D        | Killed an ancient zyme
   893 | D        | Killed a large abomination
   896 | D        | Killed a giant orange brain
   897 | D        | Killed a wretched star
   902 | D        | Killed an orb spider
   925 | D        | Entered arena 23.
   931 | D        | Noticed a flying skull
   931 | D        | Noticed a phantasmal warrior
   931 | D        | Noticed a shadow
   932 | D        | Noticed a hellion
   932 | D        | Noticed a wraith
   932 | D        | Noticed a hell hog
   932 | D        | Noticed a wraith
   932 | D        | Noticed a hellion
   933 | D        | Noticed a tormentor
   933 | D        | Noticed a flying skull
   933 | D        | Noticed a hellion
   933 | D        | Noticed a tormentor
   933 | D        | Noticed a hellion
   934 | D        | Noticed a tormentor
   934 | D        | Noticed a hell hog
   934 | D        | Noticed a reaper
   935 | D        | Noticed a lich
   935 | D        | Noticed a reaper
   936 | D        | Noticed a vampire
   936 | D        | Killed a flying skull
   937 | D        | Killed a hell hog
   937 | D        | Killed a shadow
   937 | D        | Killed a phantasmal warrior
   939 | D        | Killed a flying skull
   939 | D        | Killed a hellion
   941 | D        | Killed a hellion
   941 | D        | Killed a wraith
   942 | D        | Killed a hell hog
   943 | D        | Killed a tormentor
   946 | D        | Killed a wraith
   947 | D        | Killed a hellion
   947 | D        | Killed a hellion
   948 | D        | Killed a tormentor
   950 | D        | Killed a vampire
   952 | D        | Killed a tormentor
   953 | D        | Killed a lich
   953 | D        | Reached skill level 24 in Fighting
   958 | D        | Killed a reaper
   962 | D        | Killed a reaper
   976 | D        | Identified a +0 cloak of preservation (You found it in the Dungeon)
   992 | D        | Entered arena 24.
   998 | D        | Noticed a hill giant
   998 | D        | Noticed a merfolk
   998 | D        | Noticed a glowing shapeshifter
   998 | D        | a hill giant changed into a sea snake
   998 | D        | a glowing shapeshifter changed into an iron dragon
   999 | D        | Noticed a swamp dragon
   999 | D        | Noticed a giant orange brain
   999 | D        | Noticed a slime creature
   999 | D        | Noticed an elephant
   999 | D        | Noticed a glowing shapeshifter
   999 | D        | Noticed a water nymph
   999 | D        | Noticed an ice dragon
   999 | D        | Noticed a slime creature
   999 | D        | Noticed a glowing shapeshifter
   999 | D        | Noticed a deep troll
   999 | D        | a swamp dragon changed into a redback
   999 | D        | Noticed a titan
   999 | D        | a glowing shapeshifter changed into a titan
   999 | D        | a merfolk changed into a tarantella
   999 | D        | Noticed a golden dragon
   999 | D        | an iron dragon changed into a golden dragon
  1000 | D        | Noticed a queen bee
  1000 | D        | Noticed a blink frog
  1000 | D        | Noticed a queen bee
  1000 | D        | Noticed a redback
  1000 | D        | Noticed a glowing shapeshifter
  1000 | D        | Noticed an elephant slug
  1000 | D        | Noticed a hill giant
  1000 | D        | Noticed a lindwurm
  1000 | D        | Noticed an elephant
  1000 | D        | Noticed a titan
  1000 | D        | a glowing shapeshifter changed into a titan
  1000 | D        | Noticed a golden dragon
  1000 | D        | an elephant slug changed into a golden dragon
  1000 | D        | a queen bee changed into a komodo dragon
  1000 | D        | a glowing shapeshifter changed into a queen ant
  1000 | D        | a slime creature changed into a dryad
  1000 | D        | Noticed a sphinx
  1000 | D        | a golden dragon changed into a sphinx
  1001 | D        | Noticed an eye of draining
  1001 | D        | Noticed a redback
  1001 | D        | Noticed a spriggan
  1001 | D        | a giant orange brain changed into a pulsating lump
  1001 | D        | a titan changed into an elephant slug
  1002 | D        | Noticed a giant firefly
  1003 | D        | Noticed a steam dragon
  1003 | D        | a redback changed into a fire crab
  1003 | D        | a sphinx changed into an alligator snapping turtle
  1004 | D        | Noticed a titan
  1004 | D        | an eye of draining changed into a shapeshifter
  1004 | D        | a slime creature changed into a griffon
  1004 | D        | a titan changed into an iron dragon
  1004 | D        | a water nymph changed into a wolf spider
  1004 | D        | a deep troll changed into a wolf spider
  1004 | D        | a redback changed into a lindwurm
  1005 | D        | Noticed a black bear
  1005 | D        | a steam dragon changed into a wyvern
  1005 | D        | a hill giant changed into a glowing shapeshifter
  1007 | D        | Noticed an eye of draining
  1007 | D        | a titan changed into an elephant slug
  1007 | D        | a black bear changed into a mottled dragon
  1007 | D        | an eye of draining changed into a wind drake
  1007 | D        | Noticed a titan
  1007 | D        | an elephant slug changed into a titan
  1008 | D        | an elephant changed into a tarantella
  1010 | D        | a golden dragon changed into an iron dragon
  1010 | D        | a lindwurm changed into a tarantella
  1010 | D        | a spriggan changed into an octopode
  1010 | D        | an elephant changed into a boring beetle
  1011 | D        | Killed an ice dragon
  1011 | D        | a blink frog changed into a grizzly bear
  1012 | D        | Killed a giant firefly
  1014 | D        | Killed a queen bee
  1015 | D        | Killed a titan
  1015 | D        | Noticed an acid blob
  1015 | D        | an iron dragon changed into an acid blob
  1017 | D        | Reached skill level 25 in Fighting
  1017 | D        | Noticed a storm dragon
  1017 | D        | an emperor scorpion changed into a storm dragon
  1020 | D        | an acid blob changed into an iron dragon
  1023 | D        | Noticed a titan
  1023 | D        | an elephant slug changed into a titan
  1023 | D        | a storm dragon changed into a ghost moth
  1023 | D        | Noticed a quicksilver dragon
  1023 | D        | a frost giant changed into a quicksilver dragon
  1025 | D        | Noticed a quicksilver dragon
  1025 | D        | an iron dragon changed into a quicksilver dragon
  1025 | D        | a quicksilver dragon changed into a satyr
  1028 | D        | Noticed an acid blob
  1028 | D        | a titan changed into an acid blob
  1030 | D        | an acid blob changed into a shadow dragon
  1030 | D        | Noticed a golden dragon
  1030 | D        | a shadow dragon changed into a golden dragon
  1033 | D        | Noticed an acid blob
  1033 | D        | a shadow dragon changed into an acid blob
  1034 | D        | an acid blob changed into a shadow dragon
  1034 | D        | a golden dragon changed into a shadow dragon
  1038 | D        | Reached skill level 26 in Fighting
  1071 | D        | Entered arena 25.
  1079 | D        | Noticed a blizzard demon
  1079 | D        | Noticed a blizzard demon
  1079 | D        | Noticed an ice beast
  1080 | D        | Noticed a polar bear
  1080 | D        | Noticed a polar bear
  1080 | D        | Noticed a blizzard demon
  1080 | D        | Noticed an ice beast
  1080 | D        | Noticed a polar bear
  1080 | D        | Noticed an ice devil
  1080 | D        | Noticed an Ice Fiend
  1080 | D        | Noticed an ice devil
  1080 | D        | Noticed an ice dragon
  1080 | D        | Noticed a frost giant
  1081 | D        | Noticed an ice dragon
  1081 | D        | Noticed a polar bear
  1082 | D        | Noticed a frost giant
  1082 | D        | Noticed an ice devil
  1082 | D        | Noticed an ice devil
  1082 | D        | Noticed an ice dragon
  1082 | D        | Noticed a freezing wraith
  1082 | D        | Noticed a blizzard demon
  1082 | D        | Noticed a blizzard demon
  1082 | D        | Noticed an ice devil
  1082 | D        | Noticed an ice beast
  1083 | D        | Noticed a polar bear
  1083 | D        | Noticed an ice devil
  1083 | D        | Noticed a blizzard demon
  1083 | D        | Noticed a polar bear
  1083 | D        | Noticed a polar bear
  1083 | D        | Noticed a blizzard demon
  1083 | D        | Noticed an ice dragon
  1084 | D        | Noticed a polar bear
  1084 | D        | Killed a polar bear
  1085 | D        | Noticed a freezing wraith
  1085 | D        | Noticed an ice dragon
  1085 | D        | Killed a polar bear
  1085 | D        | Killed an ice beast
  1086 | D        | Killed a blizzard demon
  1086 | D        | Killed a polar bear
  1087 | D        | Noticed a frost giant
  1087 | D        | Noticed an Ice Fiend
  1087 | D        | Killed a polar bear
  1088 | D        | Noticed a polar bear
  1088 | D        | Noticed an ice devil
  1089 | D        | Noticed an ice devil
  1089 | D        | Killed a blizzard demon
  1089 | D        | Killed a blizzard demon
  1089 | D        | Reached XP level 17. HP: 208/210 MP: 11/34
  1089 | D        | Killed an ice beast
  1090 | D        | Killed an ice devil
  1090 | D        | Killed an ice dragon
  1091 | D        | Noticed a polar bear
  1091 | D        | Killed an ice devil
  1093 | D        | Killed a polar bear
  1093 | D        | Killed a polar bear
  1093 | D        | Identified a +7 rod of destruction (4/9)
  1094 | D        | Killed an ice beast
  1096 | D        | Killed an ice devil
  1096 | D        | Killed an Ice Fiend
  1096 | D        | Killed a blizzard demon
  1097 | D        | Killed an ice devil
  1097 | D        | Reached skill level 27 in Fighting
  1097 | D        | Killed an ice dragon
  1098 | D        | Killed a polar bear
  1099 | D        | Killed an ice dragon
  1100 | D        | Killed an ice devil
  1101 | D        | Killed an ice devil
  1101 | D        | Killed a polar bear
  1102 | D        | Killed a blizzard demon
  1103 | D        | Killed a frost giant
  1103 | D        | Killed a frost giant
  1104 | D        | Killed a polar bear
  1105 | D        | Killed an ice dragon
  1108 | D        | Killed a frost giant
  1108 | D        | Killed an Ice Fiend
  1109 | D        | Killed a freezing wraith
  1109 | D        | Reached skill level 27 in Axes
  1110 | D        | Killed a freezing wraith
  1110 | D        | Killed an ice dragon
  1111 | D        | Killed an ice devil
  1111 | D        | Killed a polar bear
  1112 | D        | Killed an ice devil
  1113 | D        | Killed a blizzard demon
  1115 | D        | Killed a blizzard demon
  1131 | D        | Got the +9,+10 broad axe of the Clouds {vamp, rF+ Str+1 Dex-1}
  1143 | D        | Entered arena 26.
  1150 | D        | Noticed a tarantella
  1150 | D        | Noticed a red wasp
  1151 | D        | Noticed an orb spider
  1151 | D        | Noticed a jumping spider
  1151 | D        | Noticed a moth of wrath
  1151 | D        | Noticed a boulder beetle
  1151 | D        | Noticed a redback
  1151 | D        | Noticed a yellow wasp
  1152 | D        | Noticed a yellow wasp
  1152 | D        | Noticed a yellow wasp
  1152 | D        | Noticed a redback
  1152 | D        | Noticed a demonic crawler
  1152 | D        | Noticed a wolf spider
  1152 | D        | Noticed a demonic crawler
  1153 | D        | Noticed a trapdoor spider
  1153 | D        | Noticed a jumping spider
  1153 | D        | Noticed a trapdoor spider
  1153 | D        | Noticed a red wasp
  1153 | D        | Noticed a demonic crawler
  1154 | D        | Noticed a red wasp
  1154 | D        | Noticed a red wasp
  1154 | D        | Noticed a yellow wasp
  1154 | D        | Noticed an emperor scorpion
  1154 | D        | Noticed a redback
  1155 | D        | Noticed a spider
  1155 | D        | Noticed a yellow wasp
  1155 | D        | Noticed a jumping spider
  1155 | D        | Noticed a yellow wasp
  1155 | D        | Noticed a spider
  1155 | D        | Noticed a red wasp
  1155 | D        | Killed a tarantella
  1156 | D        | Noticed a trapdoor spider
  1156 | D        | Noticed a redback
  1156 | D        | Killed a yellow wasp
  1157 | D        | Noticed a yellow wasp
  1157 | D        | Noticed a demonic crawler
  1157 | D        | Noticed a wolf spider
  1157 | D        | Noticed a boring beetle
  1157 | D        | Noticed a moth of wrath
  1157 | D        | Killed a jumping spider
  1158 | D        | Noticed a spider
  1158 | D        | Noticed a red wasp
  1158 | D        | Noticed a redback
  1158 | D        | Noticed a spider
  1158 | D        | Noticed a scorpion
  1158 | D        | Killed a wolf spider
  1159 | D        | Noticed a trapdoor spider
  1159 | D        | Killed a redback
  1159 | D        | Killed a jumping spider
  1160 | D        | Noticed a red wasp
  1160 | D        | Noticed a moth of wrath
  1160 | D        | Noticed a demonic crawler
  1161 | D        | Noticed a red wasp
  1161 | D        | Noticed a trapdoor spider
  1161 | D        | Noticed a yellow wasp
  1162 | D        | Noticed a wolf spider
  1162 | D        | Noticed a redback
  1162 | D        | Killed a moth of wrath
  1163 | D        | Killed a ghost moth
  1164 | D        | Killed a ghost moth
  1164 | D        | Killed a redback
  1165 | D        | Killed a jumping spider
  1167 | D        | Killed a demonic crawler
  1167 | D        | Killed a redback
  1167 | D        | Killed a spider
  1167 | D        | Killed a demonic crawler
  1170 | D        | Killed a red wasp
  1171 | D        | Killed a redback
  1173 | D        | Killed a demonic crawler
  1174 | D        | Killed a red wasp
  1174 | D        | Killed a red wasp
  1174 | D        | Killed a demonic crawler
  1175 | D        | Killed a trapdoor spider
  1175 | D        | Killed a wolf spider
  1176 | D        | Killed a yellow wasp
  1176 | D        | Killed a yellow wasp
  1179 | D        | Killed a trapdoor spider
  1179 | D        | Killed a red wasp
  1180 | D        | Killed a wolf spider
  1181 | D        | Killed a spider
  1181 | D        | Killed a yellow wasp
  1181 | D        | Killed a boulder beetle
  1182 | D        | Killed a scorpion
  1182 | D        | Killed a red wasp
  1183 | D        | Killed an emperor scorpion
  1184 | D        | Killed a demonic crawler
  1184 | D        | Killed a redback
  1184 | D        | Killed a redback
  1185 | D        | Killed a red wasp
  1185 | D        | Killed a yellow wasp
  1185 | D        | Killed a trapdoor spider
  1186 | D        | Killed a spider
  1187 | D        | Killed a red wasp
  1188 | D        | Killed a yellow wasp
  1189 | D        | Killed a trapdoor spider
  1189 | D        | Killed a boring beetle
  1190 | D        | Killed a yellow wasp
  1190 | D        | Killed a yellow wasp
  1190 | D        | Killed a moth of wrath
  1190 | D        | Killed a moth of wrath
  1191 | D        | Killed a red wasp
  1192 | D        | Killed a ghost moth
  1192 | D        | Killed a spider
  1194 | D        | Killed a trapdoor spider
  1196 | D        | Killed an orb spider
  1220 | D        | Entered arena 27.
  1227 | D        | Noticed a reaper
  1233 | D        | Noticed a hellion
  1233 | D        | Noticed a hellion
  1233 | D        | Noticed a tormentor
  1234 | D        | Noticed a tormentor
  1234 | D        | Noticed a Hell Sentinel
  1234 | D        | Noticed a hellion
  1234 | D        | Noticed a wraith
  1234 | D        | Noticed a wraith
  1234 | D        | Noticed a blue devil
  1235 | D        | Noticed a reaper
  1236 | D        | Noticed an iron devil
  1237 | D        | Noticed a reaper
  1238 | D        | Noticed an iron devil
  1238 | D        | Noticed a tormentor
  1238 | D        | Noticed a reaper
  1238 | D        | Noticed a skeletal warrior
  1239 | D        | Noticed an iron devil
  1239 | D        | Noticed a flaming corpse
  1239 | D        | Noticed an iron imp
  1239 | D        | Noticed a hellion
  1239 | D        | Killed a reaper
  1239 | D        | Killed a blue devil
  1240 | D        | Noticed a reaper
  1240 | D        | Noticed an ice devil
  1240 | D        | Noticed a hell hound
  1240 | D        | Killed a wraith
  1240 | D        | Identified a +4 rod of demonology (8/11)
  1241 | D        | Killed a hellion
  1241 | D        | Killed a wraith
  1242 | D        | Noticed an iron imp
  1242 | D        | Noticed a blue devil
  1242 | D        | Noticed a tormentor
  1242 | D        | Noticed a hell hound
  1242 | D        | Noticed an iron devil
  1242 | D        | Noticed an iron imp
  1242 | D        | Noticed a flayed ghost
  1242 | D        | Noticed a tormentor
  1242 | D        | Noticed an iron devil
  1243 | D        | Noticed an iron devil
  1243 | D        | Noticed a reaper
  1243 | D        | Noticed a bone dragon
  1243 | D        | Noticed a reaper
  1245 | D        | Noticed a skeletal warrior
  1245 | D        | Noticed a wraith
  1245 | D        | Killed a flaming corpse
  1245 | D        | HP: 3/211 [reaper/runed scythe (9)]
  1245 | D        | Slain by a reaper

Action                   |  1- 3 |  4- 6 |  7- 9 | 10-12 | 13-15 | 16-18 || total
-------------------------+-------+-------+-------+-------+-------+-------++-------
Melee: Broad axe         |     1 |     7 |    35 |    63 |   176 |   164 ||   446
 Abil: Evoke Berserk Rag |       |       |       |     1 |       |       ||     1
       Evoke Flight      |       |       |       |       |     1 |       ||     1
Evoke: Miscellaneous     |       |       |       |     1 |    13 |     3 ||    17
  Use: Potion            |     1 |       |       |     9 |    10 |    10 ||    30
       Scroll            |       |       |       |     1 |     6 |     6 ||    13
 Stab: Invisible         |       |       |       |     7 |       |     3 ||    10
       Distracted        |       |       |       |     1 |     8 |     2 ||    11
       Fleeing           |       |       |       |     1 |       |     2 ||     3
       Petrifying        |       |       |       |       |     1 |       ||     1
       Held in net/web   |       |       |       |       |     1 |       ||     1
